BSA
NEW YORK KNIGHTS @ NIAGARA FALLS FRENZY
06/18/2027
 
TOP OF THE 1ST
New York Knights batting - Pitching for Niagara Falls Frenzy : RHP Tom Moore
Pitching: RHP Tom Moore
Batting: LHB Warren Potter 0-0: Ball
1-0: Ball
2-0: Ball
3-0: Base on Balls
Batting: RHB Pepe Carrasco 0-0: Ball
1-0: Called Strike
Warren Potter steals 2nd base
1-1: Foul Ball, location: 2F
1-2: Ball
2-2: Ball
3-2: Strikes out swinging
Batting: LHB Troy Donaldson 0-0: Swinging Strike
0-1: DOUBLE (Line Drive, 9LM)
Warren Potter scores
Batting: SHB Marvin Harris 0-0: Ball
Troy Donaldson steals 3rd base
1-0: Ball
2-0: Called Strike
2-1: Ball
3-1: SINGLE (Line Drive, 7S)
Troy Donaldson scores
Batting: RHB Lonnie Anderson 0-0: Swinging Strike
0-1: Ball
1-1: Grounds into double play, 5-4-3 (Groundball, 56)
Top of the 1st over - 2 run(s), 2 hit(s), 0 error(s), 0 left on base; New York 2 - Niagara Falls 0
BOTTOM OF THE 1ST
Niagara Falls Frenzy batting - Pitching for New York Knights : RHP Dan Wilson
Pitching: RHP Dan Wilson
Batting: RHB Jorge Cora 0-0: Called Strike
0-1: Foul Ball, location: 2F
0-2: Ball
1-2: Ground out 5-3 (Groundball, 56)
Batting: RHB Zander Tremblett 0-0: Ground out 5-3 (Groundball, 56S)
Batting: SHB Martín De Jesús 0-0: Called Strike
0-1: Foul Ball, location: 2F
0-2: SINGLE (Groundball, 4MD)
Batting: RHB Ángel Hinojosa 0-0: Ball
Martín De Jesús is caught stealing 2nd base
Bottom of the 1st over - 0 run(s), 1 hit(s), 0 error(s), 0 left on base; New York 2 - Niagara Falls 0
TOP OF THE 2ND
New York Knights batting - Pitching for Niagara Falls Frenzy : RHP Tom Moore
Batting: LHB Marcos Pérez 0-0: Ball
1-0: Foul Ball, location: 2F
1-1: Called Strike
1-2: Ball
2-2: Ball
3-2: Strikes out looking
Batting: LHB Nicholas Alston 0-0: Called Strike
0-1: Ball
1-1: Ball
2-1: Foul Ball, location: 2F
2-2: Strikes out swinging
Batting: LHB Dan Hamilton 0-0: Called Strike
0-1: Called Strike
0-2: Ball
1-2: SINGLE (Line Drive, 4MD)
Batting: RHB Yasuhiko Sumita 0-0: Ball
Dan Hamilton steals 2nd base
1-0: Ball
2-0: Ball
3-0: Called Strike
3-1: Ground out 6-3 (Groundball, 6)
Top of the 2nd over - 0 run(s), 1 hit(s), 0 error(s), 1 left on base; New York 2 - Niagara Falls 0
BOTTOM OF THE 2ND
Niagara Falls Frenzy batting - Pitching for New York Knights : RHP Dan Wilson
Batting: RHB Ángel Hinojosa 0-0: Ball
1-0: Called Strike
1-1: Called Strike
1-2: Strikes out looking
Batting: LHB Leo Wyeth 0-0: Ball
1-0: Ball
2-0: Foul Ball, location: 2F
2-1: Foul Ball, location: 2F
2-2: Foul Ball, location: 2F
2-2: Ball
3-2: Foul Ball, location: 2F
3-2: Fly out, F8 (Flyball, 8RD)
Batting: RHB Jung-ha Kim 0-0: Fly out, F4 (Popup, 34D)
Bottom of the 2nd over - 0 run(s), 0 hit(s), 0 error(s), 0 left on base; New York 2 - Niagara Falls 0
TOP OF THE 3RD
New York Knights batting - Pitching for Niagara Falls Frenzy : RHP Tom Moore
Batting: LHB Warren Potter 0-0: Foul Ball, location: 2F
0-1: Called Strike
0-2: Ball
1-2: Ball
2-2: Ball
3-2: Fly out, F7 (Line Drive, 78S)
Batting: RHB Pepe Carrasco 0-0: Ball
1-0: Swinging Strike
1-1: Ground out 6-3 (Groundball, 56)
Batting: LHB Troy Donaldson 0-0: Swinging Strike
0-1: Ball
1-1: Called Strike
1-2: Strikes out swinging
Top of the 3rd over - 0 run(s), 0 hit(s), 0 error(s), 0 left on base; New York 2 - Niagara Falls 0
BOTTOM OF THE 3RD
Niagara Falls Frenzy batting - Pitching for New York Knights : RHP Dan Wilson
Batting: RHB Ramiro Gámez 0-0: Ball
1-0: Foul Ball, location: 2F
1-1: Ball
2-1: Ground out 6-3 (Groundball, 6)
Batting: LHB Bill Hall 0-0: Fly out, F5 (Popup, 5L)
Batting: RHB Luther Stoffels 0-0: Ball
1-0: Ball
2-0: Called Strike
2-1: Fly out, F8 (Flyball, 8RM)
Bottom of the 3rd over - 0 run(s), 0 hit(s), 0 error(s), 0 left on base; New York 2 - Niagara Falls 0
TOP OF THE 4TH
New York Knights batting - Pitching for Niagara Falls Frenzy : RHP Tom Moore
Batting: SHB Marvin Harris 0-0: Called Strike
0-1: Ball
1-1: Ball
2-1: Foul Ball, location: 2F
2-2: Foul Ball, location: 2F
2-2: Ball
3-2: Ground out 4-3 (Groundball, 4)
Batting: RHB Lonnie Anderson 0-0: Foul Ball, location: 2F
0-1: Ball
1-1: Foul Ball, location: 2F
1-2: Foul Ball, location: 2F
1-2: SINGLE (Groundball, 56D)
Batting: LHB Marcos Pérez Pickoff Throw to First - Error! E1
Lonnie Anderson to second
0-0: Called Strike
Lonnie Anderson is caught stealing 3rd base
0-1: Swinging Strike
0-2: Ball
1-2: Ball
2-2: Strikes out swinging
Top of the 4th over - 0 run(s), 1 hit(s), 1 error(s), 0 left on base; New York 2 - Niagara Falls 0
BOTTOM OF THE 4TH
Niagara Falls Frenzy batting - Pitching for New York Knights : RHP Dan Wilson
Batting: RHB Jorge Cora 0-0: Called Strike
0-1: Ground out 6-3 (Groundball, 6)
Batting: RHB Zander Tremblett 0-0: Ball
1-0: Called Strike
1-1: Ball
2-1: Ground out 1-3 (Groundball, P)
Batting: SHB Martín De Jesús 0-0: Swinging Strike
0-1: Fly out, F9 (Flyball, 9D)
Bottom of the 4th over - 0 run(s), 0 hit(s), 0 error(s), 0 left on base; New York 2 - Niagara Falls 0
TOP OF THE 5TH
New York Knights batting - Pitching for Niagara Falls Frenzy : RHP Tom Moore
Batting: LHB Nicholas Alston 0-0: Called Strike
0-1: Ball
1-1: Ball
2-1: Ground out 6-3 (Groundball, 6M)
Batting: LHB Dan Hamilton 0-0: Foul Ball, location: 2F
0-1: Called Strike
0-2: Foul Ball, location: 2F
0-2: Foul Ball, location: 2F
0-2: Ball
1-2: Foul Ball, location: 2F
1-2: Foul Ball, location: 2F
1-2: Strikes out swinging
Batting: RHB Yasuhiko Sumita 0-0: Called Strike
0-1: Fly out, F9 (Flyball, 89S)
Top of the 5th over - 0 run(s), 0 hit(s), 0 error(s), 0 left on base; New York 2 - Niagara Falls 0
BOTTOM OF THE 5TH
Niagara Falls Frenzy batting - Pitching for New York Knights : RHP Dan Wilson
Batting: RHB Ángel Hinojosa 0-0: Ball
1-0: Ball
2-0: Ball
Error on foul ball, E2
3-1: Foul Ball, location: 2F
3-2: Foul Ball, location: 2F
3-2: Fly out, F6 (Popup, 6MD)
Batting: LHB Leo Wyeth 0-0: Foul Ball, location: 2F
0-1: Foul Ball, location: 2F
0-2: Foul Ball, location: 2F
0-2: Ball
1-2: Ground out 4-3 (Groundball, 34D)
Batting: RHB Jung-ha Kim 0-0: Ball
1-0: Fly out, F8 (Flyball, 8LS)
Bottom of the 5th over - 0 run(s), 0 hit(s), 1 error(s), 0 left on base; New York 2 - Niagara Falls 0
TOP OF THE 6TH
New York Knights batting - Pitching for Niagara Falls Frenzy : RHP Tom Moore
Pitching: RHP Blaine Yarbrough
Batting: LHB Warren Potter 0-0: Ball
1-0: Fly out, F8 (Flyball, 8LD)
Batting: RHB Pepe Carrasco 0-0: Ball
1-0: Called Strike
1-1: Foul Ball, location: 2F
1-2: Ball
2-2: Foul Ball, location: 2F
2-2: Ground out 4-3 (Groundball, 4S)
Batting: LHB Troy Donaldson 0-0: Ball
1-0: Fly out, F8 (Flyball, 8RM)
Top of the 6th over - 0 run(s), 0 hit(s), 0 error(s), 0 left on base; New York 2 - Niagara Falls 0
BOTTOM OF THE 6TH
Niagara Falls Frenzy batting - Pitching for New York Knights : RHP Dan Wilson
Batting: RHB Ramiro Gámez 0-0: Called Strike
0-1: Called Strike
0-2: Ball
1-2: Ball
2-2: Ball
3-2: Strikes out looking
Batting: LHB Bill Hall 0-0: Swinging Strike
0-1: Ball
1-1: Ball
2-1: Foul Ball, location: 2F
2-2: Ground out 4-3 (Groundball, 4)
Batting: RHB Luther Stoffels 0-0: Fly out, F4 (Popup, 4M)
Bottom of the 6th over - 0 run(s), 0 hit(s), 0 error(s), 0 left on base; New York 2 - Niagara Falls 0
TOP OF THE 7TH
New York Knights batting - Pitching for Niagara Falls Frenzy : RHP Blaine Yarbrough
Batting: SHB Marvin Harris 0-0: Ball
1-0: Ball
2-0: Ball
3-0: Foul Ball, location: 2F
3-1: Base on Balls
Batting: RHB Lonnie Anderson 0-0: Fly out, F9 (Flyball, 9S)
Batting: LHB Marcos Pérez 0-0: Foul Ball, location: 2F
0-1: Ball
1-1: Ball
2-1: Ball
3-1: DOUBLE (Flyball, 78D)
Marvin Harris to third
Runner from 3rd tries for Home, SAFE, no throw
Batting: LHB Nicholas Alston 0-0: Called Strike
0-1: SINGLE (Flyball, 8RS)
Marcos Pérez to third
Runner from 3rd tries for Home, throw and OUT!
Nicholas Alston to second
Batting: LHB Dan Hamilton 0-0: Ball
1-0: Swinging Strike
1-1: SINGLE (Groundball, 34D) (infield hit)
Nicholas Alston to third
Batting: RHB Yasuhiko Sumita 0-0: Called Strike
0-1: Ball
1-1: Swinging Strike
1-2: Ball
2-2: Ball
3-2: Foul Ball, location: 2F
3-2: Strikes out swinging
Top of the 7th over - 1 run(s), 3 hit(s), 0 error(s), 2 left on base; New York 3 - Niagara Falls 0
BOTTOM OF THE 7TH
Niagara Falls Frenzy batting - Pitching for New York Knights : RHP Dan Wilson
Batting: RHB Jorge Cora 0-0: Ball
1-0: Called Strike
1-1: Ball
2-1: Foul Ball, location: 2F
2-2: Strikes out swinging
Batting: RHB Zander Tremblett 0-0: Ball
1-0: Fly out, F8 (Flyball, 8RM)
Batting: SHB Martín De Jesús 0-0: Ball
1-0: Ground out 6-3 (Groundball, 6M)
Bottom of the 7th over - 0 run(s), 0 hit(s), 0 error(s), 0 left on base; New York 3 - Niagara Falls 0
TOP OF THE 8TH
New York Knights batting - Pitching for Niagara Falls Frenzy : RHP Blaine Yarbrough
Batting: LHB Warren Potter 0-0: Ball
1-0: Foul Ball, location: 2F
1-1: SINGLE (Groundball, 56) (infield hit)
Batting: RHB Pepe Carrasco 0-0: Ball
1-0: Foul Ball, location: 2F
1-1: Ball
2-1: Ball
3-1: Fly out, F9 (Flyball, 9S)
Batting: LHB Troy Donaldson 0-0: Ball
Pickoff Throw to First - Error! E1
Warren Potter to second
1-0: Intentional Walk
Batting: SHB Marvin Harris 0-0: Ball
1-0: Ball
2-0: Ball
3-0: Called Strike
3-1: Base on Balls
Warren Potter to third
Troy Donaldson to second
Batting: RHB Lonnie Anderson 0-0: Called Strike
0-1: Ball
1-1: Ball
2-1: Foul Ball, location: 2F
2-2: Fly out, F9 (Flyball, 9LMF)
Runner from 3rd tags up, SCORES, no throw
Pitching: RHP Alonso Jiménez
Batting: LHB Marcos Pérez 0-0: Ball
1-0: Ground out 3-1 (Groundball, 34)
Top of the 8th over - 1 run(s), 1 hit(s), 1 error(s), 2 left on base; New York 4 - Niagara Falls 0
BOTTOM OF THE 8TH
Niagara Falls Frenzy batting - Pitching for New York Knights : RHP Dan Wilson
Batting: RHB Ángel Hinojosa 0-0: Called Strike
0-1: Ball
1-1: Called Strike
1-2: Ground out 6-3 (Groundball, 6)
Batting: LHB Leo Wyeth 0-0: Ball
1-0: Called Strike
1-1: Swinging Strike
1-2: Ball
2-2: Foul Ball, location: 2F
2-2: Ball
3-2: Strikes out swinging
Batting: RHB Jung-ha Kim 0-0: Ball
1-0: Ground out 3-1 (Groundball, 34)
Bottom of the 8th over - 0 run(s), 0 hit(s), 0 error(s), 0 left on base; New York 4 - Niagara Falls 0
TOP OF THE 9TH
New York Knights batting - Pitching for Niagara Falls Frenzy : RHP Alonso Jiménez
Batting: LHB Nicholas Alston 0-0: Ball
1-0: Called Strike
1-1: Ball
2-1: Foul Ball, location: 2F
2-2: Foul Ball, location: 2F
2-2: Fly out, F7 (Flyball, 7)
Batting: LHB Dan Hamilton 0-0: Called Strike
0-1: Fly out, F4 (Popup, 34D)
Batting: RHB Yasuhiko Sumita 0-0: Called Strike
0-1: Ground out 4-3 (Groundball, 4S)
Top of the 9th over - 0 run(s), 0 hit(s), 0 error(s), 0 left on base; New York 4 - Niagara Falls 0
BOTTOM OF THE 9TH
Niagara Falls Frenzy batting - Pitching for New York Knights : RHP Dan Wilson
Batting: RHB Ramiro Gámez 0-0: Fly out, F6 (Popup, 6MD)
Batting: LHB Bill Hall 0-0: Ball
1-0: Swinging Strike
1-1: Ball
2-1: Swinging Strike
2-2: Ground out U3 (Groundball, 3)
Batting: RHB Luther Stoffels 0-0: Foul Ball, location: 2F
0-1: Ball
1-1: Called Strike
1-2: Ball
2-2: Strikes out swinging
Bottom of the 9th over - 0 run(s), 0 hit(s), 0 error(s), 0 left on base; New York 4 - Niagara Falls 0
Thursday, March 30th, 2017 - OOTP Baseball 17.12 Build 75